 Dungeon Crawl Stone Soup version 0.28.0-53-g5a82cb258f (webtiles) character file.

Game seed: 13242065120358386652

789 Logoto the Conjurer (level 7, -4/52 HPs)
             Began as a White Draconian Conjurer on Aug 2, 2022.
             Was an Initiate of Sif Muna.
             Slain by Duvessa
             ... wielding a +2 vampiric short sword
              (8 damage)
             ... on level 5 of the Dungeon.
             The game lasted 00:24:14 (4765 turns).

Logoto the Conjurer (White Draconian Conjurer)      Turns: 4765, Time: 00:24:14

Health: -4/52      AC:  8    Str: 11    XL:     7   Next: 56%
Magic:  2/12       EV: 28    Int: 18    God:    Sif Muna [......]
Gold:   145        SH:  0    Dex: 14    Spells: 6/12 levels left

rFire   . . .      SeeInvis .   v - +2 mace of Kunuergh {venom, *Slow Will+ Dex+4}
rCold   + . .      Faith    .   (no shield)
rNeg    . . .      Spirit   .   (armour unavailable)
rPois   +          Reflect  .   (helmet restricted)
rElec   +          Harm     .   (no cloak)
rCorr   +          Rampage  .   t - +1 pair of gloves of Domila {rElec rCorr}
Will    ++...                   (no boots)
Stlth   ++........              a - amulet of the acrobat
HPRegen 0.17/turn               n - ring of Zaiges {*Slow +Blink rPois Will+}
MPRegen 0.13/turn               (no ring)

@: acrobatic
A: breathe frost, AC +6, unfitting armour, cold resistance 1, cold-blooded
a: Breathe Frost, Renounce Religion, Evoke Blink


You were on level 5 of the Dungeon.
You worshipped Sif Muna.
Sif Muna was noncommittal.
You visited 2 branches of the dungeon, and saw 6 of its levels.
You also visited: Sewer.

You collected 173 gold pieces.
You spent 28 gold pieces at shops.

Inventory:

Hand Weapons
 l - a +2 hand axe of electrocution
 v - the +2 mace of Kunuergh (weapon) {venom, *Slow Will+ Dex+4}
   (You found it on level 3 of the Dungeon)

   It poisons the flesh of those it strikes.
   Dex:       It affects your dexterity (+4).
   *Slow:     It may slow you when you take damage.
   Will:      It increases your willpower.
 w - a +1 dagger of flaming
Missiles
 b - a throwing net
 c - 71 stones
Armour
 t - the +1 pair of gloves of Domila (worn) {rElec rCorr}
   (You found it on level 3 of the Dungeon)

   rElec:     It insulates you from electricity.
   rCorr:     It protects you from acid and corrosion.
Jewellery
 a - an amulet of the acrobat (around neck)
 n - the ring of Zaiges (left hand) {*Slow +Blink rPois Will+}
   (You found it on level 2 of the Dungeon)

   [ring of poison resistance]

   rPois:     It protects you from poison.
   +Blink:    It lets you blink.
   *Slow:     It may slow you when you take damage.
   Will:      It increases your willpower.
Scrolls
 e - 2 scrolls of noise {unknown}
 g - 6 scrolls of identify
 h - 5 scrolls of teleportation {unknown}
 i - a scroll of blinking {unknown}
 j - a scroll of brand weapon {unknown}
 k - 2 scrolls of vulnerability {unknown}
 q - 2 scrolls of fear {unknown}
 r - 2 scrolls of enchant weapon {unknown}
 u - a scroll of summoning {unknown}
 x - a scroll of fog {unknown}
Potions
 d - 2 potions of heal wounds {unknown}
 f - 2 potions of haste {unknown}
 m - 2 potions of lignification {unknown}
 o - 3 potions of degeneration {unknown}
 p - 2 potions of cancellation {unknown}
 s - a potion of curing {unknown}


   Skills:
 + Level 1.5 Fighting
 - Level 0.9 Short Blades
 + Level 2.9(3.4) Axes
 * Level 2.4(3.2) Maces & Flails
 + Level 3.3 Dodging
 + Level 3.0 Stealth
 + Level 0.2 Unarmed Combat
 * Level 3.4 Spellcasting
 + Level 6.1 Conjurations


You had 6 spell levels left.
You knew the following spells:

 Your Spells              Type           Power      Damage    Failure   Level
a - Magic Dart            Conj           100%       1d8       1%          1
b - Searing Ray           Conj           50%        2d6       1%          2
c - Dazzling Flash        Conj/Hex       28%        N/A       13%         3

Your spell library contained the following spells:

 Spells                   Type           Power      Damage    Failure   Level
 Fulminant Prism          Conj/Hex       7%         3d7       41%         4
 Iskenderun's Mystic Bla  Conj/Tloc      14%        2d5       41%         4


Dungeon Overview and Level Annotations

Branches:
Dungeon (5/15)             Temple (1/1) D:4           Sewer (visited)

Altars:
Ashenzari
Cheibriados
Dithmenos
Hepliaklqana
Kikubaaqudgha
Nemelex Xobeh
Okawaru
Sif Muna
Trog
Uskayaw
Vehumet
Wu Jian
Xom

Shops:
D:1 (?![   D:3 !

Annotations:
D:5 Duvessa


Innate Abilities, Weirdness & Mutations

You can breathe waves of freezing cold which knock back foes.
Your icy white scales are hard. (AC +6)
You cannot fit into any form of body armour.
Your flesh is cold resistant. (rC+)
You are cold-blooded and may be slowed by cold attacks.


Message History

Duvessa hits you with a +2 vampiric short sword!
The searing ray hits Duvessa but does no damage.
Duvessa is heavily wounded.
Duvessa hits you with a +2 vampiric short sword.
Duvessa draws strength from your wounds!
Duvessa misses you.
The searing ray misses Duvessa.
Duvessa completely misses you.
The searing ray hits Duvessa.
Duvessa is heavily wounded.
You finish channelling your searing ray.
Duvessa barely misses you. Duvessa closely misses you.
You barely miss Duvessa.
Duvessa is heavily wounded.
Duvessa hits you with a +2 vampiric short sword!
Duvessa draws strength from your wounds!
Duvessa misses you. Duvessa misses you.
Duvessa hits you with a +2 vampiric short sword!
* * * LOW HITPOINT WARNING * * *
Duvessa draws strength from your wounds!
You see here an iguana corpse.
You hit Duvessa.
Duvessa is poisoned.
Duvessa is moderately wounded.
Duvessa closely misses you. Duvessa misses you.
You hit Duvessa but do no damage.
You tail-slap Duvessa, but do no damage.
Duvessa is moderately wounded.
Duvessa misses you.
You barely miss Duvessa.
Duvessa is heavily wounded.
Duvessa hits you with a +2 vampiric short sword.
* * * LOW HITPOINT WARNING * * *
Duvessa hits you with a +2 vampiric short sword!
* * * LOW HITPOINT WARNING * * *
Duvessa draws strength from your wounds!
Duvessa completely misses you. Duvessa closely misses you. Duvessa misses you.
Duvessa hits you with a +2 vampiric short sword!
You die...

......)..#.#
.....##..#.# ...
#.†#.# . # #....# ..
#..#.# ###.
#..#.#####...
#........#.#####
......####e........
#####.#....@#.##.#
..#.......#
######.###.######
###...)......#####
.....................#
################.###.#
#<# #........#
#.###.###)##.# #.....#
#.# .#


You could see Duvessa (berserk, poisoned).

Vanquished Creatures
  Sigmund (D:5)
  A necrophage (D:4)
  A kobold brigand (D:4)
  A scorpion (D:4)
  Dowan (D:5)
  An orc priest (D:2)
  2 hounds (D:4)
  A centaur skeleton (D:4)
  An iguana (D:5)
  A hell rat (Sewer)
  5 gnolls
  A howler monkey skeleton (D:4)
  3 adders
  3 river rats (Sewer)
  2 worms
  A dart slug (D:3)
  3 orcs
  4 ball pythons
  8 endoplasms
  4 giant cockroaches
  4 goblins
  4 hobgoblins
  5 jackals (D:1)
  9 kobolds
  5 quokkas
  3 bats
  8 frilled lizards
  9 rats
92 creatures vanquished.

Vanquished Creatures (others)
  2 plants (D:4)
2 creatures vanquished.

Grand Total: 94 creatures vanquished

Notes
Turn   | Place    | Note
-------+----------+-------------------------------------------
     0 | D:1      | Logoto the Draconian Conjurer began the quest for the Orb.
     0 | D:1      | Reached XP level 1. HP: 14/14 MP: 3/3
    34 | D:1      | Found Taec's Distillery.
   313 | D:1      | Reached XP level 2. HP: 20/20 MP: 1/5
   376 | D:1      | Learned a level 2 spell: Searing Ray
   561 | D:1      | Found Giemonut's Antique Armour Shop.
   717 | D:1      | Reached XP level 3. HP: 26/26 MP: 3/6
   950 | D:1      | Found a faded altar of an unknown god.
   954 | D:1      | Found Neuhed's Weapon Shoppe.
   972 | D:1      | Found Adylu's Magic Scroll Shop.
   982 | D:1      | Bought a scroll of identify for 28 gold pieces
  1503 | D:2      | Reached skill level 5 in Conjurations
  1505 | D:2      | Reached XP level 4. HP: 34/34 MP: 0/7
  1766 | D:2      | Reached skill level 1 in Fighting
  1921 | D:2      | Identified the ring of Zaiges {*Slow +Blink rPois Will+}
  2035 | D:2      | You fall into a shaft and drop 2 floors!
  2113 | D:3      | Found a glowing drain.
  2126 | D:3      | Reached XP level 5. HP: 19/40 MP: 2/8
  2131 | Sewer    | Entered a sewer
  2446 | Sewer    | Reached skill level 1 in Axes
  2743 | D:3      | Found a shimmering blue altar of Sif Muna.
  2744 | D:3      | Found a snail-covered altar of Cheibriados.
  2745 | D:3      | Identified the +1 pair of gloves of Domila {rElec rCorr}
  2759 | D:3      | Became a worshipper of Sif Muna the Loreminder
  2790 | D:3      | Found Zapsys's Distillery.
  3041 | D:3      | Found an iron altar of Okawaru.
  3052 | D:3      | Identified the +2 mace of Kunuergh {venom, *Slow Will+
                  | Dex+4}
  3084 | D:3      | Learned a level 3 spell: Dazzling Flash
  3147 | D:4      | Reached XP level 6. HP: 43/47 MP: 3/10
  3276 | D:4      | Found a staircase to the Ecumenical Temple.
  3288 | D:4      | Reached skill level 1 in Maces & Flails
  3291 | Temple   | Entered the Ecumenical Temple
  3729 | D:4      | Found a bloodstained altar of Trog.
  3831 | D:4      | Your scales start taking on an icy white colour.
  3831 | D:4      | Reached XP level 7. HP: 47/52 MP: 0/11
  3831 | D:4      | Gained mutation: Your flesh is cold resistant. (rC+) [White
                  | Draconian growth]
  4502 | D:5      | Entered Level 5 of the Dungeon
  4510 | D:5      | Noticed Sigmund
  4524 | D:5      | Killed Sigmund
  4525 | D:5      | Reached skill level 6 in Conjurations
  4742 | D:5      | Noticed Duvessa
  4742 | D:5      | Noticed Dowan
  4748 | D:5      | Killed Dowan
  4765 | D:5      | Slain by Duvessa

Illustrated notes

Levels and vault maps discovered:
D:1:      dpeg_arrival_simpleton_c, layout_basic,
          hellmonk_ecumenical_altar_heavens_door, serial_shops,
          nicolae_square_shop, shop, nicolae_shop_competitors_out_of_business,
          nicolae_shop_trees, ebering_dispersal_statue_hall, minmay_cut_off
D:2:      layout_loops_ring, minmay_3d_cube
D:3:      layout_rooms, okawaru_ov_weapons_minmay,
          gammafunk_temple_overflow_statue, serial_shops, shop,
          portal_sewer_entry_d
D:4:      layout_basic, lemuel_crystal_altar, minmay_temple_entry_slanted,
          lexackson_kobold_supper
D:5:      layout_basic, mainiacjoe_overflow_alcove_4, uniq_sigmund, uniq_duvessa
Temple:   compressed_dpeg_triangle_lava_temple

Skill      XL: |  1  2  3  4  5  6  7 |
---------------+----------------------+-----
Dodging        | 2 3 |  3.3
Conjurations   | 5 6 |  6.1
Fighting       | 1 |  1.5
Stealth        | 2 3 |  3.0
Axes           | 1 2 |  2.9
Maces & Flails | 1 2 |  2.4
Spellcasting   | 3 |  3.4
Short Blades   | |  0.9
Unarmed Combat | |  0.2

Action                   |  1- 3 |  4- 6 |  7- 9 || total
-------------------------+-------+-------+-------++-------
Melee: Unarmed           |    22 |       |       ||    22
       Tailslap          |     4 |     6 |     3 ||    13
       Dagger            |     7 |    12 |       ||    19
       Hand axe          |       |    57 |       ||    57
       Mace              |       |    21 |    10 ||    31
       Punch             |       |     1 |       ||     1
 Cast: Magic Dart        |    35 |    47 |    15 ||    97
       Searing Ray       |     3 |    10 |     4 ||    17
 Stab: Sleeping          |       |     3 |       ||     3
Armor: Skin              |    12 |    24 |     1 ||    37
Dodge: Dodged            |    43 |    70 |    19 ||   132
